 Dungeon Crawl Stone Soup version 0.22.0-16-gc6d26f6 (webtiles) character file.

490 Tauromancer the Slasher (level 7, -3/61 HPs)
             Began as a Formicid Chaos Knight on Aug 17, 2018.
             Slain by a gnoll
             ... wielding a +0 club
              (7 damage)
             ... on level 3 of the Dungeon.
             The game lasted 00:12:31 (1602 turns).

Tauromancer the Slasher (Formicid Chaos Knight)     Turns: 1602, Time: 00:12:31

Health: -3/61      AC:  8    Str: 23    XL:     7   Next: 36%
Magic:  7/7        EV: 12    Int: 12    God:    Xom [..*...]
Gold:   135        SH:  0    Dex: 10    Spells: 6/6 levels left

rFire    . . .     SeeInvis +   a - +1 falchion (chaos)
rCold    . . .     Gourm    .   (no shield)
rNeg     . . .     Faith    .   b - +3 leather armour
rPois    .         Spirit   .   (helmet unavailable)
rElec    .         Reflect  .   (no cloak)
rCorr    .         Harm     .   (no gloves)
MR       .....                  (no boots)
Stlth    +.........             (no amulet)
HPRegen  0.20/turn              (no ring)
MPRegen  0.10/turn              (no ring)

@: mighty
A: permanent stasis, dig shafts and tunnels, four strong arms, antennae 3,
talons 1, yellow scales 1, sense surroundings 1, robust 1
a: Dig, Shaft Self, Renounce Religion


You were on level 3 of the Dungeon.
You worshipped Xom.
You were a toy of Xom.
You were not hungry.

You visited 1 branch of the dungeon, and saw 3 of its levels.

You collected 135 gold pieces.

Inventory:

Hand Weapons
 a - a +1 falchion of chaos (weapon)
Armour
 b - a +3 leather armour (worn)
 f - a +0 chain mail
Scrolls
 i - a scroll of blinking {unknown}
 j - 2 scrolls of remove curse
Potions
 d - a potion of degeneration {unknown}
 e - 2 potions of curing
 g - 2 potions of heal wounds {unknown}
 k - a potion of brilliance {unknown}
 l - a potion of magic {unknown}
Comestibles
 c - 5 rations
 m - a chunk of flesh


   Skills:
 + Level 5.1 Fighting
 + Level 6.1 Long Blades
 + Level 3.2 Armour
 + Level 2.0 Dodging
 + Level 1.0 Stealth


You had 6 spell levels left.
You didn't know any spells.
Your spell library contained the following spells:

 Spells                   Type           Power        Failure   Level  Hunger
 Confuse                  Hex            #.......     75%         3    ####...
 Confusing Touch          Hex            #.....       36%         1    ##.....
 Metabolic Englaciation   Hex/Ice        #.........   100%        5    ######.
 Petrify                  Tmut/Erth      #.......     98%         4    #####..
 Gell's Gravitas          Tloc           #.........   75%         3    ####...
 Yara's Violent Unravell  Hex/Tmut       #.........   100%        5    ######.


Dungeon Overview and Level Annotations

Branches:
Dungeon (3/15)

Altars:
Ru

Annotations:
D:3 3 runed doors, bande's ghost, amateur GrFi


Innate Abilities, Weirdness & Mutations

You cannot be hasted, slowed, berserked, paralysed or teleported.
You can dig through walls and to a lower floor.
Your four strong arms can wield two-handed weapons with a shield.
You have a pair of large antennae on your head. (SInv)
You have sharp toenails.
You are partially covered in yellow scales. (AC +2)
You passively map a small area around you.
You are robust. (+10% HP)


Message History

The gnoll seems to speed up.
The gnoll hits you but does no damage. The gnoll misses you.
You slash the gnoll shaman!
Lightning courses through the gnoll shaman!
You kill the gnoll shaman!
Your Stealth skill increases to level 1!
The gnoll hits you but does no damage.
The gnoll hits you from afar with a halberd!
* * * LOW HITPOINT WARNING * * *
The gnoll hits you from afar with a spear.
* * * LOW HITPOINT WARNING * * *
The gnoll closely misses you.
The gnoll hits you from afar with a spear.
* * * LOW HITPOINT WARNING * * *
The gnoll misses you. The gnoll closely misses you.
There is an open door here.
The gnoll barely misses you. The gnoll hits you with a club!
You die...
Xom howls with laughter!

, , , { { ,, ,#... #.#. , {{ , ,,
{##'###g#. ,{ , { #...)..#. , , {
{{#..))..#. *
######################.#. ,
....#)...#g).........#g#. '{, {
g...'..).gg.g.....)..'.#. #
,,...#..g.#g...)...†).#'##
#############')'@#############...
#(......................, , ,#...
#≈≈≈≈≈≈≈≈≈≈≈≈....≈≈≈≈≈≈≈ ####
≈≈≈≈≈≈≈≈≈≈≈≈≈....≈≈≈≈≈≈≈ ≈≈≈≈≈
≈≈≈))≈≈≈≈≈≈≈≈.)..≈≈≈≈≈≈≈≈ ≈≈≈≈
...............†........ ,....
....†................... , ....
.....##.###............. ..#
####.##.###'############


You could see 6 gnolls.

Vanquished Creatures
  Sigmund (D:2)
  2 gnoll shamans (D:3)
  Natasha (thrice) (D:2)
  2 adders
  13 gnolls (D:3)
  2 leopard geckos
  4 goblins
  3 hobgoblins
  16 jackals
  3 ball pythons
  4 bats
  8 kobolds
  A rat (D:1)
62 creatures vanquished.

Vanquished Creatures (collateral kills)
  A jackal (D:3)
1 creature vanquished.

Grand Total: 63 creatures vanquished

Notes
Turn   | Place    | Note
-------+----------+-------------------------------------------
     0 | D:1      | Tauromancer the Formicid Chaos Knight began the quest for the Orb.
     0 | D:1      | Reached XP level 1. HP: 18/18 MP: 1/1
    50 | D:1      | XOM: harmless Chrm miscast
   121 | D:1      | Reached XP level 2. HP: 21/24 MP: 2/2
   202 | D:1      | Reached skill level 1 in Dodging
   404 | D:2      | Found a sacrificial altar of Ru.
   460 | D:2      | Noticed Natasha
   463 | D:2      | XOM: butterfly on damage
   465 | D:2      | Killed Natasha
   465 | D:2      | Reached skill level 4 in Long Blades
   465 | D:2      | Reached XP level 3. HP: 13/30 MP: 3/3
   578 | D:2      | XOM is BORED!
   578 | D:2      | XOM: noise
   677 | D:2      | Reached XP level 4. HP: 35/37 MP: 4/4
   768 | D:2      | Noticed Sigmund
   776 | D:2      | Killed Sigmund
   776 | D:2      | Reached skill level 5 in Long Blades
   776 | D:2      | Reached XP level 5. HP: 29/43 MP: 5/5
   776 | D:2      | Reached XP level 6. HP: 34/49 MP: 6/6
   851 | D:2      | XOM: give mutations
   851 | D:2      | Gained mutation: You have sharp toenails. [Xom's grace]
   851 | D:2      | Gained mutation: You passively map a small area around you. [Xom's grace]
   851 | D:2      | Gained mutation: You are partially covered in yellow scales. (AC +2) [Xom's grace]
   851 | D:2      | Gained mutation: You are robust. (+10% HP) [Xom's grace]
  1032 | D:2      | Noticed Natasha
  1036 | D:2      | Killed Natasha
  1117 | D:2      | Noticed Natasha
  1120 | D:2      | Killed Natasha
  1472 | D:3      | Found a runed gate.
  1472 | D:3      | Found a runed gate.
  1473 | D:3      | Found a runed gate.
  1475 | D:3      | Noticed bande's ghost (amateur GrFi)
  1535 | D:3      | XOM: cast spell 'Summon Ice Beast'
  1536 | D:3      | XOM: cast spell 'Olgreb's Toxic Radiance'
  1543 | D:3      | Reached XP level 7. HP: 51/60 MP: 7/7
  1549 | D:3      | Reached skill level 5 in Fighting
  1572 | D:3      | XOM: harmless Ice miscast
  1581 | D:3      | Reached skill level 6 in Long Blades
  1585 | D:3      | HP: 2/61 [gnoll/spear (2)]
  1592 | D:3      | XOM: potion effect (might)
  1596 | D:3      | Reached skill level 1 in Stealth
  1598 | D:3      | HP: 3/61 [gnoll/spear (3)]
  1602 | D:3      | Slain by a gnoll

Skill      XL: |  1  2  3  4  5  6  7 |
---------------+----------------------+-----
Dodging        | 1 2 |  2.0
Long Blades    | 4 5 6 |  6.1
Fighting       | 4 5 |  5.1
Armour         | 3 |  3.2
Stealth        | 1 |  1.0

Action                   |  1- 3 |  4- 6 |  7- 9 || total
-------------------------+-------+-------+-------++-------
Melee: Falchion          |    46 |    79 |    18 ||   143
       Kick              |       |    18 |     5 ||    23
 Abil: Dig               |       |     1 |       ||     1
  Use: Scroll            |     7 |     2 |       ||     9
       Potion            |       |       |     2 ||     2
 Stab: Confused          |       |       |     1 ||     1
  Eat: Chunk             |       |     2 |       ||     2
Armor: Leather armour    |    15 |    27 |     9 ||    51
Dodge: Dodged            |    35 |    54 |    24 ||   113
       Rpst.: Falchion   |    10 |    16 |     5 ||    31
